 Dungeon Crawl Stone Soup version 0.31.0-12-g77e489cdc1 (webtiles) character file.

Game seed: 3727471521442034757

8549 hawla the Arsonist (level 11, -6/56 HPs)
             Began as a Deep Elf Fire Elementalist on Feb 17, 2024.
             Was a Priest of Vehumet.
             Mangled by a two-headed ogre
             ... wielding a +0 dire flail
              (16 damage)
             ... on level 9 of the Dungeon.
             The game lasted 00:28:05 (9886 turns).

hawla the Arsonist (Deep Elf Fire Elementalist)     Turns: 9886, Time: 00:28:05

Health: -6/56      AC:  8    Str:  5    XL:     11   Next: 11%
Magic:  14/19      EV: 20    Int: 25    God:    Vehumet [***...]
Gold:   241        SH:  0    Dex: 15    Spells: 3/18 levels left

rFire   . . .        x - +2 quarterstaff (spect)
rCold   . . .        (shield currently unavailable)
rNeg    . . .        a - +2 robe
rPois   +            r - +2 helmet
rElec   .            (no cloak)
rCorr   .            (no gloves)
SInv    .            z - +0 pair of boots
Will    +....        s - amulet of regeneration
Stlth   ++           y - ring of poison resistance
HPRegen 1.09/turn    t - +5 ring of evasion
MPRegen 0.16/turn

%: no passive effects
@: no status effects
A: no striking features
a: Renounce Religion


You were on level 9 of the Dungeon.
You worshipped Vehumet.
Vehumet was most pleased with you.
You visited 1 branch of the dungeon, and saw 10 of its levels.

You collected 578 gold pieces.
You spent 337 gold pieces at shops.

Inventory:

Hand Weapons
 x - a +2 spectral quarterstaff (weapon)
Armour
 a - a +2 robe (worn)
 r - a +2 helmet (worn)
 z - a +0 pair of boots (worn)
Magical Staves
 l - a staff of cold
 A - a staff of air
Jewellery
 e - a +6 ring of dexterity
 s - an amulet of regeneration (around neck)
 t - a +5 ring of evasion (right hand)
 u - a +5 ring of evasion
 y - a ring of poison resistance (left hand)
 F - a ring of resist corrosion
 G - a ring of willpower
Wands
 f - a wand of roots (8)
 n - a wand of flame (9)
 p - a wand of polymorph (14)
 w - a wand of mindburst (16)
 C - a wand of charming (18)
Scrolls
 b - 3 scrolls of poison
 d - a scroll of fog
 g - a scroll of amnesia
 h - a scroll of brand weapon
 k - 2 scrolls of teleportation
 m - a scroll of immolation
 q - a scroll of identify
 v - a scroll of enchant armour
 D - a scroll of blinking
 E - a scroll of vulnerability
Potions
 c - a potion of might
 i - 2 potions of brilliance
 j - a potion of berserk rage
 o - 4 potions of curing
 B - a potion of cancellation


   Skills:
 - Level 1.0 Fighting
 + Level 9.2 Staves
 - Level 7.0 Dodging
 - Level 3.0 Stealth
 - Level 4.0 Spellcasting
 - Level 8.0 Conjurations
 - Level 11.0 Fire Magic
 - Level 3.0 Ice Magic
 - Level 2.0 Air Magic
 - Level 3.0 Alchemy
 - Level 6.0 Evocations


You had 3 spell levels left.
You knew the following spells:

 Your Spells              Type           Power      Damage    Failure   Level
a - Foxfire               Conj/Fire      100%       2x1d9     1%          1
b - Scorch                Fire           100%       2d9       1%          2
c - Flame Wave            Conj/Fire      51%        2d13      1%          4
d - Freezing Cloud        Conj/Ice/Air   13%        6-21      12%         5
e - Dazzling Flash        Conj/Hex       50%        N/A       1%          3

Your spell library contained the following spells:

 Spells                   Type           Power      Damage    Failure   Level
 Hailstorm                Conj/Ice       32%        3d8       1%          3
 Magic Dart               Conj           100%       1d8       1%          1
 Mercury Vapours          Alch/Air       34%        N/A       1%          2
 Inner Flame              Hex/Fire       32%        N/A       1%          3
 Stone Arrow              Conj/Erth      50%        3d10      1%          3
 Volatile Blastmotes      Fire/Tloc      64%        2d15      1%          3
 Cigotuvi's Dreadful Rot  Necr/Alch/Air  26%        N/A       7%          2
 Blink                    Tloc           10%        N/A       14%         2
 Call Imp                 Summ           10%        N/A       14%         2
 Lesser Beckoning         Tloc           10%        N/A       14%         2
 Gell's Gravitas          Tloc           5%         N/A       26%         3
 Teleport Other           Tloc           5%         N/A       26%         3
 Ignite Poison            Fire/Alch      40%        N/A       1%          4
 Starburst                Conj/Fire      25%        6d8       8%          6
 Animate Armour           Summ/Erth      10%        N/A       65%         4
 Lehudib's Crystal Spear  Conj/Erth      12%        10d4      100%        8
 Maxwell's Capacitive Co  Air            7%         ∞         100%        8


Dungeon Overview and Level Annotations

Branches:
Dungeon (10/15)            Temple (0/1) D:4
   Lair: D:8-11         Orc: D:9-12

Altars:
Makhleb
Qazlal
Ru
Sif Muna
Uskayaw
Vehumet
Wu Jian
Xom
The Shining One

Shops:
D:4 ?   D:7 **

Annotations:
D:8 5 transporters


Message History

The centaur warrior shoots an arrow.
The arrow hits you!
The gnoll sergeant hits you but does no damage.
The centaur warrior shoots an arrow.
The arrow completely misses you.
There is an open door, spattered with blood here.
The two-headed ogre misses you. The two-headed ogre barely misses you.
The centaur warrior unwields a +0 shortbow.
The centaur warrior barely misses you.
The centaur warrior kicks you but does no damage.
The gnoll sergeant hits you from afar with a +0 heavy spear.
Casting: Flame Wave (dangerous; 1% risk of failure)
Confirm with . or Enter, or press ? or * to list all spells.
Casting: Flame Wave (dangerous; 1% risk of failure)
Press: ? - help, Dir - look around, f - activate A wave of flame ripples out!
The flame wave engulfs the centaur warrior!
The centaur warrior is moderately wounded.
The flame wave engulfs the two-headed ogre!
The two-headed ogre is moderately wounded. (Press . to intensify the flame waves.)
The centaur warrior hits you! The centaur warrior misses you.
The two-headed ogre hits you with a +0 dire flail!!
* * * LOW HITPOINT WARNING * * *
The two-headed ogre misses you.
A wave of flame ripples out!
The flame wave engulfs the centaur warrior!!
The centaur warrior is heavily wounded.
The flame wave engulfs the two-headed ogre!
The two-headed ogre is heavily wounded.
The flame wave engulfs the gnoll sergeant but does no damage.
The centaur warrior hits you but does no damage.
The centaur warrior misses you.
The gnoll sergeant hits you from afar with a +0 heavy spear.
* * * LOW HITPOINT WARNING * * *
The centaur warrior barely misses you. The centaur warrior kicks you.
* * * LOW HITPOINT WARNING * * *
Okay, then.
You feel better.
The two-headed ogre completely misses you.
The two-headed ogre hits you with a +0 giant club!
You die...

### #######
......###########
#####...........#
............###########
######..#####.........+
#..# #.........# # #..#
#..cO.g...# ######..#
#...@.C...#
.......#########'######
######.#>...#....# #
#.#....#.⌠..# #
#.#....#..⌠.# #
#.#....'....# #
#.########### # #.# #
###


You could see a centaur warrior, a two-headed ogre, a cyclops and a gnoll
sergeant.

Vanquished Creatures
  2 two-headed ogres
  Joseph (D:9)
  A gargoyle (D:7)
  2 steam dragons
  An acid dragon (D:8)
  2 orc warriors
  3 ice beasts
  3 black bears (D:5)
  5 centaurs
  2 phantoms
  2 kobold brigands (D:8)
  3 bullfrogs
  A gnoll sergeant (D:7)
  6 wights
  3 killer bees (D:8)
  7 electric eels (D:7)
  3 howler monkeys
  4 hounds
  A jelly (D:7)
  A bombardier beetle (D:3)
  A gnoll bouda (D:9)
  6 orc priests
  4 iguanas
  12 gnolls
  9 adders
  2 shadow imps
  3 white imps
  2 dart slugs
  A ribbon worm (D:5)
  18 orcs
  4 bats
  5 endoplasms
  6 giant cockroaches
  3 hobgoblins
  11 jackals
  15 kobolds
  8 quokkas
  11 ball pythons
  A frilled lizard (D:1)
  9 goblins
  5 rats
189 creatures vanquished.

Vanquished Creatures (collateral kills)
  3 foxfires (D:7)
3 creatures vanquished.

Vanquished Creatures (others)
  399 foxfires
399 creatures vanquished.

Grand Total: 591 creatures vanquished

Notes
Turn   | Place    | Note
-------+----------+-------------------------------------------
     0 | D:1      | hawla the Deep Elf Fire Elementalist began the quest for
                  | the Orb.
     0 | D:1      | Reached XP level 1. HP: 10/10 MP: 6/6
   133 | D:1      | Reached skill level 1 in Fighting
   207 | D:1      | Reached XP level 2. HP: 10/16 MP: 5/8
   443 | D:1      | Found a faded altar of an unknown god.
  1131 | D:2      | Learned a level 2 spell: Scorch
  1182 | D:2      | Reached XP level 3. HP: 20/20 MP: 3/9
  1439 | D:2      | Reached XP level 4. HP: 25/25 MP: 6/12
  1694 | D:2      | Reached skill level 4 in Fire Magic
  1810 | D:3      | You fall into a shaft and drop 3 floors!
  1986 | D:6      | Reached XP level 5. HP: 29/29 MP: 6/13
  1995 | D:6      | Reached skill level 5 in Fire Magic
  2113 | D:6      | Noticed a centaur
  2118 | D:6      | Killed a centaur
  2310 | D:6      | Noticed a phantom
  2317 | D:6      | Killed a phantom
  2318 | D:6      | Reached skill level 6 in Fire Magic
  2318 | D:6      | Reached XP level 6. HP: 34/34 MP: 3/14
  2899 | D:5      | Entered Level 5 of the Dungeon
  2901 | D:5      | Noticed an ice beast
  2906 | D:5      | Killed an ice beast
  3375 | D:3      | Found a radiant altar of Vehumet.
  3375 | D:3      | Found a glowing golden altar of the Shining One.
  3383 | D:3      | Found a burning altar of Makhleb.
  3385 | D:3      | Found a faded altar of an unknown god.
  3393 | D:3      | Became a worshipper of Vehumet
  3411 | D:3      | Found a stormy altar of Qazlal.
  3534 | D:3      | Learned a level 4 spell: Flame Wave
  3666 | D:3      | Reached XP level 7. HP: 38/38 MP: 8/15
  3815 | D:3      | Found a shimmering blue altar of Sif Muna.
  4107 | D:4      | Found a sacrificial altar of Ru.
  4125 | D:4      | Found a staircase to the Ecumenical Temple.
  4311 | D:4      | Reached skill level 5 in Evocations
  4316 | D:4      | Reached * piety under Vehumet
  4316 | D:4      | Offered knowledge of Shock by Vehumet.
  4700 | D:4      | Found Demi Leu's Magic Scroll Boutique.
  4708 | D:4      | Bought a scroll of identify for 20 gold pieces
  4708 | D:4      | Bought a scroll of teleportation for 30 gold pieces
  4708 | D:4      | Bought a scroll of fear for 40 gold pieces
  4708 | D:4      | Bought a scroll of identify for 20 gold pieces
  4708 | D:4      | Bought a scroll of poison for 40 gold pieces
  4708 | D:4      | Bought a scroll of enchant armour for 75 gold pieces
  5169 | D:5      | Reached skill level 5 in Conjurations
  5400 | D:5      | Reached XP level 8. HP: 38/43 MP: 11/16
  5675 | D:5      | Found a shimmering altar of Xom.
  6221 | D:7      | Found Ypsis's General Store.
  6223 | D:7      | Found Waucleh's Specific Store.
  6230 | D:7      | Bought a potion of curing for 42 gold pieces
  6230 | D:7      | Bought a potion of heal wounds for 70 gold pieces
  6258 | D:7      | Identified the +5 morningstar of the Hungering Queen {elec,
                  | rC+ Str+9 Stlth-}
  6297 | D:7      | Found a sand-covered staircase.
  6610 | D:7      | Reached ** piety under Vehumet
  6610 | D:7      | Offered knowledge of Mercury Vapours by Vehumet.
  6614 | D:7      | Learned a level 2 spell: Mercury Vapours
  6728 | D:7      | Reached skill level 1 in Air Magic
  6731 | D:7      | Reached skill level 1 in Ice Magic
  6731 | D:7      | Reached skill level 1 in Alchemy
  7192 | D:7      | Noticed a gargoyle
  7208 | D:7      | Killed a gargoyle
  7209 | D:7      | Reached XP level 9. HP: 13/47 MP: 7/17
  7337 | D:7      | Reached skill level 5 in Dodging
  7828 | D:8      | Found a transporter.
  7853 | D:8      | Found a transporter.
  7952 | D:8      | Reached skill level 1 in Staves
  8122 | D:8      | Found a transporter.
  8122 | D:8      | Found a transporter.
  8152 | D:8      | Found a transporter.
  8157 | D:8      | Found a transporter.
  8277 | D:8      | Offered knowledge of Hailstorm by Vehumet.
  8718 | D:9      | Reached skill level 11 in Fire Magic
  8718 | D:9      | Reached XP level 10. HP: 52/52 MP: 18/18
  8723 | D:9      | Learned a level 3 spell: Dazzling Flash
  8789 | D:9      | Noticed Joseph
  8800 | D:9      | HP: 1/52 [Joseph/sling bullet (11)]
  8811 | D:9      | Killed Joseph
  8988 | D:9      | Reached *** piety under Vehumet
  9334 | D:9      | Noticed a two-headed ogre
  9373 | D:9      | Killed a two-headed ogre
  9374 | D:9      | Reached XP level 11. HP: 56/56 MP: 4/19
  9567 | D:10     | Entered Level 10 of the Dungeon
  9575 | D:10     | Learned a level 5 spell: Freezing Cloud
  9579 | D:10     | Found an ornate altar of the Wu Jian Council.
  9589 | D:10     | Noticed a two-headed ogre
  9613 | D:10     | Killed a two-headed ogre
  9743 | D:10     | Noticed a +0 short sword
  9743 | D:10     | Noticed a +0 falchion
  9744 | D:10     | Noticed a +0 dagger
  9744 | D:10     | Noticed a +0 spear
  9745 | D:10     | Noticed a +0 short sword
  9745 | D:10     | Noticed a +0 spear
  9746 | D:10     | Found a hide-covered altar of Uskayaw.
  9746 | D:10     | Noticed a +0 dagger
  9748 | D:10     | Noticed a +0 falchion
  9881 | D:9      | Noticed a two-headed ogre
  9881 | D:9      | Noticed a centaur warrior
  9886 | D:9      | Mangled by a two-headed ogre

Illustrated notes

Levels and vault maps discovered:
D:1:      erik_arrival_cave_to_civilisation [erik_arrival_cave_to_hall],
          layout_loops_ring, shapermc_ecumenical_altar_mp_urbaneastern
D:2:      layout_basic
D:3:      layout_loops_ring, nicolae_sif_muna_little_library,
          chequers_temple_overflow_minitemple
D:4:      layout_loops_ring, hangedman_ru_absence, minmay_temple_entry_trees,
          serial_shops, shop, minmay_circle_x
D:5:      layout_basic, mainiacjoe_overflow_alcove_2
D:6:      layout_basic, serial_library_hellmonk_open_square
D:7:      cheibrodos_two_vegetables, layout_layer_cave,
          nicolae_ossuary_entry_ruins, nicolae_specific_store, kennysheep_potato
D:8:      layout_cave_pools, nicolae_benzene_ring, serial_nicolae_subway,
          nicolae_sub_station_stone, nicolae_sub_station_metal,
          nicolae_sub_station_crystal
D:9:      minmay_klotski, layout_loops_ring, uniq_joseph
D:10:     layout_gridville, mainiacjoe_overflow_cross_hatched,
          nicolae_uskayaw_en_pointe, lemuel_round_altar, lair_entry_dummy

Skill      XL: |  1  2  3  4  5  6  7  8  9 10 11 |
---------------+----------------------------------+-----
Fighting       | 1 |  1.0
Stealth        | 3 |  3.0
Conjurations   | 2 3 5 8 |  8.0
Spellcasting   | 4 |  4.0
Fire Magic     | 4 6 11 | 11.0
Evocations     | 2 4 6 |  6.0
Air Magic      | 2 |  2.0
Ice Magic      | 3 |  3.0
Alchemy        | 3 |  3.0
Dodging        | 3 7 |  7.0
Staves         | 7 8 9 |  9.2

Action                     |  1- 3 |  4- 6 |  7- 9 | 10-12 || total
---------------------------+-------+-------+-------+-------++-------
  Melee: Unarmed           |    20 |     4 |       |       ||    24
         Staff             |       |       |    37 |     8 ||    45
         Punch             |       |       |     1 |       ||     1
         Quarterstaff      |       |       |       |     9 ||     9
   Cast: Foxfire           |    50 |    48 |   108 |    26 ||   232
         Scorch            |     5 |    35 |    54 |    25 ||   119
         Flame Wave        |       |       |     6 |     3 ||     9
         Mercury Vapours   |       |       |     3 |     1 ||     4
         Dazzling Flash    |       |       |       |     3 ||     3
         Freezing Cloud    |       |       |       |     1 ||     1
  Evoke: Wand              |       |       |     2 |     3 ||     5
    Use: Potion            |     1 |       |     1 |     3 ||     5
         Scroll            |       |     5 |    17 |     4 ||    26
   Stab: Sleeping          |     3 |       |     2 |     1 ||     6
 Armour: Robe              |    15 |    12 |    47 |    31 ||   105
  Dodge: Dodged            |    31 |    24 |   100 |    56 ||   211
